 Dungeon Crawl Stone Soup version 0.29.1-12-g30fa7ad0bf (webtiles) character file.

Game seed: 6272827967933398810

193 112233 the Gusty (level 5, -3/32 HPs)
             Began as an Octopode Air Elementalist on Dec 24, 2022.
             Slain by a hornet (8 damage)
             ... on level 6 of the Dungeon.
             The game lasted 00:03:10 (3736 turns).

112233 the Gusty (Octopode Air Elementalist)        Turns: 3736, Time: 00:03:11

Health: -3/32      AC:  1    Str:  6 (8)  XL:     5   Next: 72%
Magic:  7/9        EV: 14    Int: 22 (23) God:
Gold:   192        SH:  0    Dex: 16 (17) Spells: 6/9 levels left

rFire   + . .      SeeInvis .   k - +8 battleaxe "Oklaacaj" {vorpal, Drain rF+ Int+4 Dex+5}
rCold   . . .      Faith    .   (shield currently unavailable)
rNeg    . . .      Spirit   .   (helmet restricted)
rPois   .          Reflect  .   (no amulet)
rElec   .          Harm     .   (no ring)
rCorr   .          Rampage  .   (no ring)
Will    .....                   (no ring)
Stlth   +++.......              (no ring)
HPRegen 0.10/turn               (no ring)
MPRegen 0.11/turn               (no ring)
                                (no ring)
                                (no ring)

@: lethally poisoned (-3 -> -10), hasted, very quick
A: almost no armour, amphibious, 8 rings, camouflage 1, gelatinous body 1,
(nimble swimmer 1), tentacles
a: no special abilities


You were on level 6 of the Dungeon.
You visited 1 branch of the dungeon, and saw 6 of its levels.

You collected 192 gold pieces.

Inventory:

Hand Weapons
 k - the +8 battleaxe "Oklaacaj" (weapon) {vorpal, Drain rF+ Int+4 Dex+5}
   (You found it on level 2 of the Dungeon)

   It inflicts extra damage upon your enemies.
   Int:       It affects your intelligence (+4).
   Dex:       It affects your dexterity (+5).
   rF:        It protects you from fire.
   Drain:     It drains your maximum health when unequipped.
Missiles
 x - a throwing net
Armour
 h - a +0 buckler
Jewellery
 e - an amulet of regeneration
 t - a ring of wizardry
 v - a ring of fire
Wands
 l - a wand of polymorph (12)
 w - a wand of flame (18)
Scrolls
 d - a scroll of brand weapon {unknown}
 g - 5 scrolls of fear {unknown}
 i - 4 scrolls of identify {unknown}
 m - a scroll of butterflies {unknown}
 n - a scroll of noise {unknown}
 o - a scroll of magic mapping {unknown}
 r - a scroll of teleportation {unknown}
 s - a scroll of vulnerability {unknown}
 u - a scroll of blinking {unknown}
Potions
 a - a potion of magic
 b - a potion of haste
 f - a potion of lignification {unknown}
 j - 3 potions of curing {unknown}
 p - a potion of ambrosia {unknown}
 q - 2 potions of heal wounds {unknown}


   Skills:
 + Level 0.5 Fighting
 + Level 2.6 Dodging
 - Level 3.4 Stealth
 + Level 0.6 Shields
 * Level 2.7 Spellcasting
 - Level 1.7 Conjurations
 + Level 4.8 Air Magic


You had 6 spell levels left.
You knew the following spells:

 Your Spells              Type           Power      Damage    Failure   Level
a - Shock                 Conj/Air       68%        1d7       3%          1
b - Static Discharge      Conj/Air       17%        3-6/arc   4%          2

Your spell library contained the following spells:

 Spells                   Type           Power      Damage    Failure   Level
 Swiftness                Air            24%        N/A       5%          3
 Airstrike                Air            12%        2d(2-18)  17%         4


Dungeon Overview and Level Annotations

Branches:
Dungeon (6/15)
 Temple: D:4-7

Altars:
Fedhas

Annotations:
D:2 1 runed translucent door, Crazy Yiuf
D:5 exclusion: upstairs, Blork the orc


Innate Abilities, Weirdness & Mutations

You cannot wear most types of armour.
You are amphibious.
You can wear up to eight rings at the same time.
Your skin changes colour to match your surroundings (Stealth+).
Your rubbery body absorbs attacks. (AC +1, EV +1)
((You are camouflaged when in or above water. (Stealth+)))
You have tentacles for arms and can constrict up to eight enemies at once.


Message History

Casting: Shock (safe; 3% risk of failure)
Confirm with . or Enter, or press ? or * to list all spells.
You can't see any susceptible monsters within range! (Use Z to cast anyway.)
Found a giant club.
You now have 174 gold pieces (gained 14).
You see here a +0 whip.
You now have 192 gold pieces (gained 18).
Found a stone staircase leading down.
A hornet comes into view.
A hornet is nearby!
A hornet is nearby!
The hornet buzzes angrily.
A hornet is nearby!
Okay, then.
You feel yourself speed up. The hornet stings you.
You feel yourself slow down.
Unknown command.
Casting: Shock (safe; 3% risk of failure)
Confirm with . or Enter, or press ? or * to list all spells.
The hornet is struck by an arc of lightning.
The hornet is lightly wounded.
You are struck by an arc of lightning.
The hornet is struck by an arc of lightning.
The hornet is moderately wounded.
The lightning grounds out.
You feel yourself speed up. The hornet stings you!
You are lethally poisoned!
You feel yourself slow down. The hornet completely misses you.
* * * LOW HITPOINT WARNING * * *
You feel very sick. The hornet barely misses you.
Unknown command.
It was a potion of degeneration.
There was something very wrong with that liquid.
You feel weakened.
You feel dopey.
You feel clumsy.
You feel yourself speed up.
* * * LOW HITPOINT WARNING * * *
You feel very sick. The hornet stings you!
You die...

#.##.# #.......##.######
#.#..# #.....####......#
#.#..# #.##### #..###.#
#....#####.##### #..###.##
########............#
#)......#
....####...#.#......#
#..#.#..#
....y......#........#
#....#..#
....#####..###......#
#)......# #####
###..###.y@.>.# #.#####.#
#........###### #.......#
## #.######## #.####### .#
#.# #.# .######.#
######### #.#
.....##.####.......# #.#
.###.##............# #.#
.###.#######.......#####.#
........####.............#


You could see a hornet.

Vanquished Creatures
  An orc priest (D:3)
  6 gnolls
  4 adders
  A worm (D:3)
  A dart slug (D:3)
  6 orcs
  5 ball pythons
  4 endoplasms (D:1)
  A giant cockroach (D:1)
  3 goblins
  3 hobgoblins
  7 jackals
  4 kobolds
  2 quokkas (D:2)
  3 bats
  7 frilled lizards
  5 rats
63 creatures vanquished.

Notes
Turn   | Place    | Note
-------+----------+-------------------------------------------
     0 | D:1      | 112233 the Octopode Air Elementalist began the quest for
                  | the Orb.
     0 | D:1      | Reached XP level 1. HP: 11/11 MP: 3/3
   312 | D:1      | Reached XP level 2. HP: 17/17 MP: 0/5
   315 | D:1      | Learned a level 2 spell: Static Discharge
   847 | D:1      | Found a faded altar of an unknown god.
   865 | D:1      | Reached XP level 3. HP: 21/21 MP: 0/6
  1307 | D:2      | Identified the +8 battleaxe "Oklaacaj" {vorpal, Drain rF+
                  | Int+4 Dex+5}
  1498 | D:2      | Found a runed translucent door.
  1499 | D:2      | Noticed Crazy Yiuf
  1720 | D:2      | Reached XP level 4. HP: 25/27 MP: 7/7
  1937 | D:3      | Reached skill level 4 in Air Magic
  2201 | D:3      | Found a blossoming altar of Fedhas.
  2374 | D:3      | Reached XP level 5. HP: 31/31 MP: 8/8
  2875 | D:4      | Noticed an ice beast
  2887 | D:5      | Entered Level 5 of the Dungeon
  3093 | D:5      | Noticed Blork the orc
  3723 | D:6      | Noticed a hornet
  3736 | D:6      | Slain by a hornet

Illustrated notes

Levels and vault maps discovered:
D:1:      lightli_arrival_statuegarden, layout_loops_corners,
          dreamdust_ecumenical_altar_grove, chequers_serial_rivers_small_b,
          nicolae_eternal_life
D:2:      layout_rooms, uniq_crazy_yiuf_cottage
D:3:      layout_loops_ring, mainiacjoe_overflow_alcove_1
D:4:      layout_cave_pods, overflow_temple_1_default, st_stairs_14,
          uniq_natasha, uniq_sigmund
D:5:      layout_rooms, minmay_misc_feat_alley, kennysheep_generic_room_9,
          uniq_pikel, uniq_blork_the_orc
D:6:      layout_loops_cross, nicolae_titane

Skill      XL: |  1  2  3  4 |
---------------+-------------+-----
Stealth        | 3 |  3.4
Air Magic      | 4 |  4.8
Fighting       | |  0.5
Dodging        | |  2.6
Shields        | |  0.6
Spellcasting   | |  2.7
Conjurations   | |  1.7

Action                   |  1- 3 |  4- 6 || total
-------------------------+-------+-------++-------
Melee: Battleaxe         |     7 |    25 ||    32
       Unarmed           |     5 |       ||     5
       Constrict         |     1 |     2 ||     3
       Tentacles         |       |     2 ||     2
 Cast: Shock             |    65 |    31 ||    96
       Static Discharge  |       |     8 ||     8
  Use: Potion            |     1 |     2 ||     3
 Stab: Sleeping          |     3 |     2 ||     5
Armor: Skin              |     1 |     2 ||     3
Dodge: Dodged            |    10 |    29 ||    39
